[Event "*** Titled Tuesday Blitz"]
[Site "Chess.com"]
[Date "2018.07.03"]
[Round "10"]
[White "Gvalch"]
[Black "kungmongmanh"]
[Result "1-0"]
[WhiteElo "2607"]
[BlackElo "2492"]
[TimeControl "180+2"]
[EndTime "15:15:52 PDT"]
[Termination "Gvalch won on time"]

1. d4 Nf6 2. c4 e6 3. g3 Bb4+ 4.
Nd2 O-O 5. Bg2 d5 6. Nf3 dxc4 7. Qc2 Nc6 8. Qxc4 Be7 9. O-O Bd7 10.
e4 a6 11. Qe2 Nb4 12. Nc4 Bb5 13. a3 Nc6 14. Rd1 Nxe4 15. a4 Bxc4 16. Qxc4 Nd6 17.
Qe2 Nb4 18. Ne5 Nd5 19. Bd2 c6 20. Rac1 Nf5 21. Be1 Nd6 22. b4 Nf5 23. Qb2 Nd6 24. Rc2 Bf6 25. Rdc1 Re8 26. Qa2 Nf5 27. Qb2 Qd6 28.
Re2 Red8 29. Nf3 Qb8 30. b5 axb5 31. axb5 cxb5 32. Qxb5 Bxd4 33. g4 Nd6 34. Qd3 Bf6 35. Bd2 h6 36. h4 b5 37. g5 hxg5 38. hxg5 Be7 39. g6 Nc4 40. gxf7+ Kxf7 41. Ng5+ Bxg5 42. Bxg5 Nf6 43. Qf3 Ra6 44. Rce1 Re8 45. Bh3 Qd6 46. Kh1 e5 47. Qb7+ Re7 48. Qxb5 Rc6 49. Bg2 Rc5 50. Qb3 Kg6 51. Qg3 Kf7 52. Kg1 Qd4 53. Bxf6 gxf6 54. Re4 Qd2 55. R4e2 Qh6 56. Qb3 Qg5 57. Rc2 Qg4 58.
Rc3 Qd4 59. Rd3 Qg4 60. Rg3 Qf4 61. Rd1 Rec7 62. Bd5+ Rxd5 63. Rxd5 Qc1+ 64. Rd1 Qf4 65. Qd3 Ke6 66. Qd5+ Kf5 67. Rf3 Rg7+ 68. Kf1 Rg4 69.
Rxf4+ Rxf4 70. Qd7+ Kg6 71. Rd3 1-0

[Event "*** Titled Tuesday Blitz"]
[Site "Chess.com"]
[Date "2018.07.03"]
[Round "10"]
[White "maheswaran26"]
[Black "Kaphrep"]
[Result "0-1"]
[WhiteElo "2008"]
[BlackElo "2647"]
[TimeControl "180+2"]
[EndTime "15:15:52 PDT"]
[Termination "Kaphrep won by resignation"]

1. d4 g6 2. Nf3 Bg7 3. c4 e6 4.
Nc3 Ne7 5. e4 d5 6. cxd5 exd5 7.
e5 Nd7 8. Bg5 Nf8 9. Bb5+ c6 10.
Bd3 Bg4 11. h3 Bxf3 12. Qxf3 Ne6 13. Be3 O-O 14. O-O c5 15. Ne2 Nc6 16. Qg4 cxd4 17. Bxd4 Nexd4 18. Nxd4 Nxe5 19. Qd1 Qb6 20. Nb3 Rad8 21.
Rc1 Nc4 22. Rc2 Nxb2 23. Qd2 Nc4 24. Qc1 Ne5 25. Qd1 a5 26. Be2 Nc6 27. Rc5 Nd4 28. Rc1 Ne6 29. Bf3 a4 30. Nd2 Bh6 31. Rc2 Nd4 32. Rc3 Qb2 33. Rd3 Nxf3+ 34. Nxf3 Qxa2 35. Qa1 Qxa1 36. Rxa1 b5 37. Nd4 Bg7 38. Rb1 Bxd4 39. Rxd4 Rb8 40. Rxd5 b4 41. Ra5 a3 42. Ra4 Rfc8 43. Kh2 Rc2 44. Kg3 Rc3+ 45. f3 Kg7 46.
Raxb4 Ra8 47. Ra1 Rc2 48. Rb3 a2 49. Rb6 g5 50. h4 gxh4+ 51. Kh3 Ra4 52. Rd6 f6 53.
Rb6 Kg6 54. Rd6 Rb4 55. Ra6 Rbb2 56. Ra5 Rxg2 57. Kxh4 Rgc2 58. Kg3 h6 59. Rd5 Rd2 60. Ra5 Rbc2 61. Kf4 Rg2 62. Ke3 h5 63. Kf4 h4 64.
Ke3 h3 65. Kf4 h2 66. Ke3 Rg1 0-1

[Event "*** Titled Tuesday Blitz"]
[Site "Chess.com"]
[Date "2018.07.03"]
[Round "10"]
[White "chesstatour"]
[Black "nitpicker"]
[Result "1/2-1/2"]
[WhiteElo "2019"]
[BlackElo "2094"]
[TimeControl "180+2"]
[EndTime "15:16:11 PDT"]
[Termination "Game drawn - insufficient material"]

1. c4 e5 2. Nc3 Nf6 3. Nf3 Nc6 4.
d4 exd4 5. Nxd4 d6 6. g3 Bd7 7. Bg2 Be7 8. O-O O-O 9. e4 Re8 10. h3 h6 11. Be3 Bf8 12. Kh2 a6 13. Qd2 Na5 14. b3 c5 15. Nc2 Bc6 16. f3 b5 17.
cxb5 axb5 18. Rad1 b4 19. Ne2 Bb5 20. Rfe1 Ra6 21.
Bxc5 Nc6 22. Bd4 Rxa2 23. Ra1 Qa8 24. Bxf6 gxf6 25. Rxa2 Qxa2 26. Rd1 Qxb3 27. Ncd4 Nxd4 28. Nxd4 Qc3 29. Nxb5 Qxd2 30. Rxd2 Rb8 31. Nd4 f5 32. Nxf5 b3 33. Rd1 b2 34. Rb1 d5 35. exd5 Ba3 36. Bf1 Rc8 37. Bd3 Rc3 38. Be4 Kf8 39. Nd4 Bc5 40.
Ne2 Rb3 41. Nf4 Be3 42. Nd3 Ke7 43. Rxb2 Rxb2+ 44. Nxb2 Bd4 45. Nd3 Kd6 46. f4 f5 47.
Bxf5 Kxd5 48. Kg2 Be3 49. Kf3 Bd2 50. Ne5 Bc3 51. Nf7 Bg7 52. Kg4 Kd4 53. Kh5 Ke3 54. Nxh6 Kf3 55. Kg6 Bf8 56. g4 Kxf4 57. Nf7 Kg3 58.
Ng5 Kh4 59. Be6 Be7 60. Nf3+ Kxh3 61. g5+ Kg3 62. Ne5 Kf4 63. Nf7 Bxg5 64. Nxg5 Ke5 65. Bf7 Kd6 66. Kf6 Kc5 67. Ke5 Kc6 68. Be6 Kc5 69.
Ne4+ Kb4 70. Kd4 Ka3 71. Kc3 Ka4 72. Nd6 Ka5 73. Kc4 Kb6 74. Kd5 Kc7 75. Kc5 Kd8 76. Nf5 Kc7 77. Kb5 Kb7 78. Nd4 Kc7 79. Nf5 Kb7 80. Ng7 Kc7 81. Ne8+ Kd8 82. Nd6 Ke7 83.
Nc8+ Kxe6 1/2-1/2

[Event "*** Titled Tuesday Blitz"]
[Site "Chess.com"]
[Date "2018.07.03"]
[Round "10"]
[White "Hrant_ChessMood"]
[Black "gmcorrales"]
[Result "0-1"]
[WhiteElo "2880"]
[BlackElo "2690"]
[TimeControl "180+2"]
[EndTime "15:16:40 PDT"]
[Termination "gmcorrales won on time"]

1. e4 c5 2. Nf3 d6 3. d4 cxd4 4.
Nxd4 Nf6 5. Nc3 a6 6. Be2 g6 7. Be3 Bg7 8. Qd2 Nc6 9. O-O-O Nxd4 10. Bxd4 Be6 11. Kb1 Rc8 12. Nd5 Nxe4 13. Qe3 Nf6 14. Nxf6+ Bxf6 15. Bxf6 exf6 16. Qa3 Rc6 17. Bf3 Rb6 18.
Rd2 Qc7 19. Rhd1 Ke7 20. Bxb7 Rb8 21. Bd5 Rxb2+ 22. Qxb2 Rxb2+ 23. Kxb2 Qa5 24. Bb3 Qe5+ 25. Kb1 Qxh2 26. g3 d5 27. Re1 Kf8 28. Kb2 h5 29.
Re3 f5 30. Red3 f4 31. a4 Kg7 32. a5 fxg3 33. fxg3 Qg1 34. Rc3 Qe1 35. Rdd3 Bf5 36.
Rxd5 Be6 37. Rdc5 Bxb3 38. Rxb3 Qe7 39. Rbc3 Qb7+ 40. Ka3 Qb1 41. Rb3 Qa1+ 42. Kb4 Qd4+ 43. Rc4 Qd2+ 44. Rbc3 Qd6+ 45. Rc5 Kh6 46. Rd3 Qe7 47.
Kc4 Qe4+ 48. Kb3 Qb7+ 49. Kc4 Qb2 50. Kd5 Qf6 51. Kc4 Qe6+ 52. Kb4 f5 53. Rdc3 Qa2 54. Rc6 Qb2+ 55. Ka4 Qb5+ 56. Ka3 Qxa5+ 57. Kb3 Qb5+ 58. Ka3 a5 59. R3c4 Kg5 60. R6c5 Qb6 61. Rc6 Qb1 62.
Ka4 Qa1+ 63. Kb5 Qe5+ 64. R6c5 Qxg3 65. Kxa5 h4 66. Rc3 Qe1 67. Kb6 Qb1+ 68. Rb3 Qf1 69. c4 h3 70. Rb2 Qg1 71. Kb5 h2 72. Rxh2 Qxh2 73. Rd5 Qb2+ 74. Kc6 Kf4 75. c5 g5 76. Kd6 Qf6+ 77. Kd7 Ke4 78. Rd6 Qf7+ 79. Kd8 Ke5 80. Rb6 Qf8+ 0-1

[Event "*** Titled Tuesday Blitz"]
[Site "Chess.com"]
[Date "2018.07.03"]
[Round "10"]
[White "Fins0905"]
[Black "vovachesss"]
[Result "1-0"]
[WhiteElo "2605"]
[BlackElo "2443"]
[TimeControl "180+2"]
[EndTime "15:16:55 PDT"]
[Termination "Fins0905 won by resignation"]

1. d4 Nf6 2. c4 e6 3. Nf3 Bb4+ 4. Bd2 Qe7 5. g3 O-O 6. Bg2 Nc6 7. Nc3 d6 8. O-O e5 9. Nd5 Nxd5 10. cxd5 Bxd2 11. Qxd2 Nxd4 12. Nxd4 exd4 13. Rfe1 Qe5 14. Rac1 Bg4 15. Rxc7 Rfe8 16. Rc4 Bxe2 17. Rxd4 Qh5 18. Rh4 Qg6 19. Rxe2 Qb1+ 20. Bf1 Qxa2 21. Rhe4 Rxe4 22. Rxe4 h6 23. Kg2 Rc8 24. Re7 Qb1 25. Bd3 Qa2 26. Bf5 Rf8 27.
Rxb7 Qa6 28. Re7 Qc4 29. Qd3 Qb4 30. Rxa7 Qxb2 31. Rc7 Qe5 32. Rc8 Rxc8 33. Bxc8 g6 34.
h4 h5 35. Ba6 Kg7 36. Bc4 Qf6 37. Qe3 Qb2 38. Be2 Qf6 39. Bf3 Qb2 40. Qf4 Qa3 41.
Qd4+ Kg8 42. Be4 Qc1 43. Qf6 Qc4 44. Bf3 Qb4 45. Qf4 Qc5 46. Qe3 Qb4 47. Qe4 Qc5 48. Qd3 Qb4 49. Be4 Qc5 50. Qc2 Qd4 51. Bf3 Kg7 52. Qd1 Qc5 53. Be2 Qc3 54. Qd3 Qe5 55. f3 Qb2 56. g4 hxg4 57. fxg4 Qe5 58. Bf3 Qf4 59. Qe4 Qd2+ 60. Kg3 Qc3 61. h5 gxh5 62. gxh5 Kf6 63. Qf4+ Ke7 64. h6 Qe1+ 65. Kg2 Qc3 66. Qe4+ Kf6 67. Qe8 Qd2+ 68. Kg3 Qg5+ 69. Kf2 Qd2+ 70.
Kf1 Qxh6 71. Qe4 Qc1+ 72. Kg2 Qd2+ 73. Kg3 Qg5+ 74. Qg4 Qf5 75. Qf4 Qxf4+ 76. Kxf4 Kg6 77. Be4+ Kf6 78. Bd3 Ke7 79. Kf5 Ke8 80. Kf6 Kf8 81. Bh7 Ke8 82. Bg8 Kd7 83. Bxf7 Kc7 84. Ke7 Kb6 85. Kxd6 1-0

[Event "*** Titled Tuesday Blitz"]
[Site "Chess.com"]
[Date "2018.07.03"]
[Round "10"]
[White "Parhamov"]
[Black "FairChess_on_YouTube"]
[Result "1/2-1/2"]
[WhiteElo "2774"]
[BlackElo "2917"]
[TimeControl "180+2"]
[EndTime "15:17:14 PDT"]
[Termination "Game drawn - insufficient material"]

1. e4 c5 2. Nf3 e6 3. c4 Nc6 4.
Nc3 Nf6 5. g3 e5 6. Bg2 d6 7. O-O Be7 8. a3 O-O 9. Rb1 Bg4 10. b4 b6 11. h3 Bxf3 12. Bxf3 Nd4 13. Bg2 Ne8 14. d3 Nc7 15. h4 Qd7 16. Kh2 Rfb8 17. Be3 Bf6 18. Bh3 Qe8 19. Kg2 a6 20. Qd2 b5 21. Rfc1 Be7 22. Bg4 Rb6 23. Bxd4 exd4 24.
Nd5 Nxd5 25. cxd5 Bf8 26. bxc5 dxc5 27. f4 c4 28. dxc4 Bxa3 29. c5 Bxc5 30. e5 Ba3 31. Qxd4 Rg6 32. Bf5 Bxc1 33. Rxc1 b4 34. d6 Rd8 35.
Qxb4 h5 36. Bxg6 fxg6 37. Qb3+ Kh7 38. Rc7 Rxd6 39. Qb7 Rd2+ 40. Kf3 Qg8 41. Rf7 Kh6 42. e6 Rd3+ 43. Ke2 Rxg3 44. f5 Qd8 45. Qe4 Qb8 46. Rb7 Qd6 47. Rd7 Qa3 48. Rd3 Qb2+ 49. Rd2 Qb5+ 50. Kf2 Rg4 51. Qe3+ Kh7 52. fxg6+ Rxg6 53. e7 Rf6+ 54. Kg2 Qf1+ 55. Kh2 Rf4 56. Qd3+ Qxd3 57. Rxd3 Re4 58. Rd7 Rxh4+ 59. Kg3 Re4 60. Kf3 Re5 61.
Kf4 Re1 62. Kf5 a5 63. Ra7 a4 64. Kg5 Re5+ 65. Kf4 Re2 66. Kg5 Re5+ 67. Kf4 Re6 68. Kf5 Re1 69. Kg5 Kg8 70. Kg6 Re6+ 71. Kf5 Rf6+ 72.
Kg5 Kf7 73. Kxh5 Rf4 74. Kg5 Rb4 75. Kf5 Rc4 76. Ke5 g5 77. Kd5 Rf4 78. Kd6 Rd4+ 79. Ke5 Rb4 80. Kd6 g4 81. Ra8 Rb6+ 82. Kd5 Kxe7 83.
Rxa4 Rg6 84. Ke4 g3 85. Ra1 Kf6 86. Kf3 g2 87. Ra6+ Kg7 88. Rxg6+ Kxg6 89. Kxg2 1/2-1/2

[Event "*** Titled Tuesday Blitz"]
[Site "Chess.com"]
[Date "2018.07.03"]
[Round "10"]
[White "colegiodemadrid"]
[Black "PaulfromSPb"]
[Result "1/2-1/2"]
[WhiteElo "2253"]
[BlackElo "2522"]
[TimeControl "180+2"]
[EndTime "15:17:33 PDT"]
[Termination "Game drawn by stalemate"]

1. e4 c5 2. Nf3 d6 3. d4 cxd4 4. Nxd4 Nf6 5. Nc3 a6 6. Bg5 Nc6 7. Qd2 Qb6 8. O-O-O e6 9. f3 Be7 10. h4 Qc7 11. g4 Ne5 12. Be2 b5 13. Be3 b4 14.
Nb1 Nc4 15. Bxc4 Qxc4 16. g5 Nd7 17. Qe2 Qxe2 18. Nxe2 Ne5 19. Rhf1 Bb7 20. Nd2 O-O-O 21. Nb3 Nc4 22. Bd4 e5 23. Bg1 d5 24. Ng3 g6 25.
Kb1 h6 26. Nc5 hxg5 27. hxg5 d4 28. Nxb7 Kxb7 29. f4 Ne3 30. Bxe3 dxe3 31. Rde1 Rh3 32. Ne2 Rd7 33. c3 exf4 34. Nxf4 Rg3 35. Nd5 Bxg5 36. Nxb4 Rg2 37. Nd5 f5 38. Nxe3 Bxe3 39. Rxe3 Rdd2 40. exf5 Rxb2+ 41. Kc1 Rbc2+ 42. Kb1 Rb2+ 43. Kc1 Rxa2 44.
Kb1 Rab2+ 45. Kc1 Rbc2+ 46. Kb1 Rb2+ 47. Kc1 Rgc2+ 48. Kd1 Rg2 49. Kc1 Ra2 50. Kb1 Rgb2+ 51. Kc1 Rh2 52. Kb1 gxf5 53. Rxf5 Rab2+ 54. Kc1 Rbg2 55.
Re7+ Kc6 56. Re6+ Kd7 57. Re1 Ra2 58. Kb1 Rhb2+ 59. Kc1 Rc2+ 60. Kb1 Rab2+ 61. Ka1 Rb3 62. Ra5 Rb6 63. Ra3 Kd6 64. Rb1 Rc6 65. Rd1+ Kc5 66. Kb1 Rf2 67. Rd4 Rb6+ 68. Rb4 Rxb4+ 69. cxb4+ Kb5 70.
Ra5+ Kb6 71. Rh5 Rf4 72. Ka2 Rxb4 73. Rh6+ Kb5 74. Rh5+ Ka4 75. Rg5 a5 76. Rg3 Re4 77. Ra3+ Kb4 78. Rb3+ Kc5 79. Rc3+ Kb5 80. Rb3+ Kc4 81.
Rb8 Re3 82. Rc8+ Kb4 83. Rb8+ Ka4 84. Rb7 Ra3+ 85. Kb1 Rh3 86. Re7 Kb3 87. Re1 a4 88. Rf1 Rd3 89. Rg1 Rc3 90. Rf1 a3 91. Rg1 Re3 92.
Rf1 Rd3 93. Rg1 Rd2 94. Rf1 Rb2+ 95. Ka1 Ra2+ 96. Kb1 Rb2+ 97. Ka1 Rd2 98. Kb1 a2+ 99. Ka1 Rd3 100. Rg1 Ka3 101. Rg3 Rb3 102. Rxb3+ Kxb3 1/2-1/2

[Event "*** Titled Tuesday Blitz"]
[Site "Chess.com"]
[Date "2018.07.03"]
[Round "10"]
[White "EndgameGrinder"]
[Black "pulvettd"]
[Result "1/2-1/2"]
[WhiteElo "2465"]
[BlackElo "2466"]
[TimeControl "180+2"]
[EndTime "15:21:05 PDT"]
[Termination "Game drawn by repetition"]

1. e4 c5 2. Nf3 d6 3. d4 cxd4 4.
Nxd4 Nf6 5. Nc3 a6 6. Bg5 e6 7. f4 Be7 8. Qf3 h6 9. Bh4 g5 10. fxg5 Nfd7 11. Qh5 Ne5 12. Be2 Ng6 13. Bg3 hxg5 14. Qf3 Ne5 15. Qf2 Nbc6 16. O-O-O Rh7 17. Nxc6 Nxc6 18. e5 d5 19. Ne4 Bd7 20. Nf6+ Bxf6 21. exf6 Qa5 22. Kb1 O-O-O 23. Qe3 d4 24. Qe4 Rh6 25.
Rhf1 Qc5 26. Rf3 e5 27. c3 Be6 28. cxd4 Rxd4 29. Rxd4 exd4 30. Rf1 Kd7 31. a3 Qd5 32.
Qxd5+ Bxd5 33. Bg4+ Be6 34. Bf3 g4 35. Bxc6+ Kxc6 36. Be5 Kd5 37. Bg3 Rh8 38. Kc1 Rc8+ 39. Kd2 Rc6 40.
Re1 Rb6 41. b4 Rc6 42. Re5+ Kc4 43. Re4 Kd5 44. Re5+ Kc4 45. Re4 Bf5 46. Rf4 Bg6 47. Bf2 Kb3 48. Bxd4 Rc2+ 49. Ke3 Rxg2 50. Rf2 Rxf2 51.
Kxf2 Kxa3 52. Bc5 Kb3 53. Ke3 Bf5 54. Kf4 Be6 55. Ke3 Kc4 56. Be7 b6 57. Kd2 a5 58.
bxa5 bxa5 59. Kc1 a4 60. Kb2 Kd3 61. Ka3 Bb3 62. Bd6 Ke4 63. Be7 Kf3 64. Bd8 Kg2 65.
Bc7 Kh3 66. Bg3 Bc2 67. Kb4 Bb3 68. Ka3 Kg2 69. Kb4 Kf3 70. Ka3 Ke4 71. Bc7 Kf5 72. Bd8 Ke6 73. Kb4 Kf5 74. Ka3 Ke4 75. Kb4 Kd3 76. Ka3 Kc3 77. Bc7 Kd4 78. Bb6+ Kd5 79. Bd8 Kd6 80. Be7+ Ke6 81. Kb4 Kf5 82. Ka3 Kf4 83.
Bd6+ Ke4 84. Kb4 Bd1 85. Ka3 Ke3 86. Kb4 Kd3 87. Ka3 Kd2 88. Bc7 Kc1 89. Bd6 Kb1 90. Bc7 Kc2 91. Bd6 Kd3 92. Bc7 Ke4 93. Bd6 Kf5 94.
Be7 Ke5 95. Bd8 Ke6 96. Be7 Bf3 97. Bd8 Bc6 98. Be7 Kf5 99. Bd8 Kg5 100. Be7 Kh4 101. Bd8 Kh3 102. Bc7 Kh4 103. Kb4 Kg5 104. Bd8 Kf5 105. Ka3 g3 106. hxg3 Kg4 107. Bc7 Kg5 108. Bd8 Kf5 109. Kb4 Bd7 110. Be7 Be6 111. Kxa4 Kg4 112. Bd6 Kg5 113. Be5 Kg4 114. Kb4 Kg5 115. Kc5 Kf5 116. Kd6 Kg4 117.
Ke7 Kf5 118. Kd6 Kg6 119. Kc5 Bg4 120. Kd4 Be6 121. Ke4 Bg4 122. Kf4 Be6 123. Bd4 Bd7 124. Bc3 Bc8 125. Bb2 Bd7 126. Ke5 Bc6 127. Bc3 Ba4 128. Bb2 Bb3 129. Bc3 Be6 130. Bb2 Bh3 131. Bc3 Bg2 132. Kf4 Bh3 133. Kf3 Be6 134. Ke4 Bd7 135. Ke5 Bc8 136. Kd6 Be6 137. Ke7 Bf5 138. Kd6 Be6 139. Ke5 Bb3 140. Kf4 Kh7 141. Kg5 Be6 142. Bd4 Bc4 143. Bc3 Bd3 144. Bd4 Bg6 145. Bc3 Bd3 146. Bd4 Bg6 147. Bc3 Kg8 148. Bd4 Be4 149. Bc3 Bd3 150. Bd4 Bc2 151. Bc5 Bb1 152. Bd6 Ba2 153. Bc5 Bb1 154. Bd6 Bc2 155. Bc5 Bg6 156. Bd6 Bh7 157. Bc5 Bg6 158. Bd6 Be4 159. Bc5 Kh7 160. Bd6 Bd5 161. Bc5 Be6 162. Bd6 Bd7 163. Bc5 Bc8 164. Bd6 Be6 165. Bc5 Bd5 166. Bd6 Bc4 167. Bc5 Be6 168. Bd6 Bb3 169. Bc5 Be6 170. Bd6 Bd7 171. Bc5 Bc8 172. Bd6 Bd7 173. Bc5 Be6 174. Bd6 Bd7 175. Bc5 Bc6 176. Bd6 Bd5 177. Bc5 Be6 1/2-1/2

[Event "*** Titled Tuesday Blitz"]
[Site "Chess.com"]
[Date "2018.07.03"]
[Round "10"]
[White "mukhin1"]
[Black "arctic_t00"]
[Result "1/2-1/2"]
[WhiteElo "2931"]
[BlackElo "2374"]
[TimeControl "180+2"]
[EndTime "15:21:58 PDT"]
[Termination "Game drawn - insufficient material"]

1. d4 Nf6 2. c4 g6 3. Nc3 Bg7 4. Nf3 O-O 5. g3 d6 6. Bg2 Nbd7 7. O-O e5 8. dxe5 dxe5 9. Qc2 c6 10. Rd1 Qe7 11. h3 Re8 12. e4 Nf8 13. Be3 Nh5 14. Rd2 Be6 15. Na4 b6 16. Rad1 Rad8 17. c5 b5 18. Nc3 Rxd2 19. Qxd2 Qb7 20. b4 a5 21.
bxa5 Ra8 22. Ne2 b4 23. Rb1 Qa6 24. Rxb4 Qxa5 25. Rb6 Qxa2 26. Qxa2 Rxa2 27. Nc1 Ra3 28. g4 Nf4 29. Rxc6 h5 30. gxh5 gxh5 31. Bxf4 exf4 32.
Ne2 Bxh3 33. Bxh3 Rxf3 34. Kg2 Ra3 35. Nxf4 Ra2 36. Nxh5 Bd4 37. Kg3 Bxf2+ 38. Kf4 Ng6+ 39. Rxg6+ fxg6 40. Be6+ Kf8 41. Bxa2 gxh5 42. c6 Bb6 43. Kg5 Ke7 44. Kxh5 Bc7 45. Bd5 Bh2 46. Kg4 Bc7 47. Kf3 Bb8 48. Ke2 Bc7 49. Kd3 Be5 50. Kc4 Kd6 51. Kb5 Kc7 52. Ka6 Bd6 53. Kb5 Bg3 54. Kc5 Be5 55. Bc4 Kd8 56. Kd5 Bc7 57. Ke6 Ba5 58.
Bb5 Bc3 59. Kd6 Bb4+ 60. Ke6 Bc3 61. Ba4 Kc7 62. e5 Bb2 63. Kd5 Kd8 64. Kd6 Ba3+ 65. Ke6 Bb2 66. Kd5 Kc7 67. Ke4 Kd8 68. Kf5 Kc7 69. e6 Ba3 70. Kf6 Kd8 71. Kf7 Bc5 72. Bb5 Bb4 73. Be2 Ba3 74. Bf3 Bb4 75. Bd5 Ba3 76.
Kg6 Bb4 77. Kf5 Ba3 78. Ke4 Be7 79. Kd4 Kc7 80. Ke5 Kd8 81. Kf5 Kc7 82. Ke5 Kd8 83. Be4 Kc7 84. Kd5 Kd8 85. Kc4 Kc7 86. Kb5 Bd6 87. Bd5 Be7 88. Bb3 Bd6 89. Ba4 Be7 90. Kc4 Bd6 91. Kd5 Be7 92. Ke4 Kd8 93. Kf5 Ba3 94. Kg6 Bb4 95. Kf7 Ba3 96. Bd1 Bb4 97. Bf3 Ba3 98. Kf6 Bb4 99. Ke5 Be7 100. Kd5 Kc7 101. Bh5 Ba3 102. Be8 Be7 103. Kc4 Ba3 104. Kc3 Be7 105. Kb3 Bd6 106. Kc4 Be7 107. Kd5 Bb4 108. Ke5 Be7 109. Ke4 Ba3 110. Kf4 Bb4 111. Kg5 Be7+ 112. Kg6 Ba3 113. Kf7 Kd8 114. Bd7 Bb4 115. Be8 Ba3 116. Kf6 Bd6 117. Bd7 Be7+ 118. Kf7 Ba3 119. Kg6 Be7 120. Kf5 Bd6 121. Ke4 Ba3 122. Kd3 Kc7 123. Kc4 Be7 124. Kb5 Bd6 125. Ka5 Be7 126. Ka4 Bf8 127. Kb3 Be7 128. Kc4 Bf8 129. Kd4 Be7 130. Ke5 Ba3 131. Kf6 Kd8 132. Be8 Bb4 133. Bh5 Bc3+ 134. Kf7 Bb4 135. Bd1 Ba3 136. Kf6 Bb4 137. Bb3 Ba3 138. Ba4 Bb4 139. Ke5 Kc7 140. Kd5 Be7 141.
Kc4 Bd6 142. e7 Bxe7 143. Bb5 Bf8 144. Kd5 Be7 145. Bd3 Ba3 146. Be4 Bf8 147. Ke6 Ba3 148. Kd5 Bf8 149. Kc4 Be7 150. Kb3 Bf8 151. Ka4 Be7 152. Kb5 Bf8 153. Kc4 Be7 154. Kd5 Bf8 155. Kd4 Be7 156. Kc4 Bf8 157. Kd5 Be7 158. Ke6 Ba3 159. Kf6 Bb2+ 160. Kf5 Ba3 161. Bh1 Bb2 162. Ke6 Ba3 163. Kd5 Bb2 164. Kc4 Bc1 165. Kb3 Bh6 166. Bg2 Bg7 167. Bh3 Bf6 168. Bd7 Bg7 169. Kc4 Bf8 170. Kd5 Bh6 171. Ke6 Bc1 172. Kf5 Ba3 173. Kf4 Bd6+ 174. Ke4 Ba3 175. Kf4 Bf8 176. Ke3 Bc5+ 177. Kd3 Bf8 178. Kc4 Bg7 179. Kc5 Bh6 180. Kd5 Bf8 181. Ke5 Ba3 182. Kf5 Bb2 183. Ke4 Ba3 184. Kd3 Bf8 185. Kc4 Bg7 186. Kc5 Bh6 187. Kd4 Bg7+ 188. Ke4 Bf8 189. Bc8 Kxc8 190. c7 Kxc7 1/2-1/2